 Dungeon Crawl Stone Soup version 0.31-a0-263-ge8cad7f256 (webtiles) character file.

Game seed: 5788442786669323957

212 qw the Shooter (level 5, -11/32 HPs)
             Began as a Gargoyle Hexslinger on July 13, 2023.
             Mangled by an ogre
             ... wielding a +0 giant spiked club
              (26 damage)
             ... on level 4 of the Dungeon.
             The game lasted 00:00:42 (1898 turns).

qw the Shooter (Gargoyle Hexslinger)                Turns: 1898, Time: 00:00:42

Health: -11/32     AC: 11    Str: 11    XL:     5   Next: 90%
Magic:  6/6        EV: 10    Int: 14    God:
Gold:   187        SH:  5    Dex: 14    Spells: 5/6 levels left

rFire   + . .        Y - +2 sling (flame)
rCold   . . .        (no shield)
rNeg    + . .        k - +2 ring mail {rF+}
rPois   inf          (no helmet)
rElec   +            (no cloak)
rCorr   .            (no gloves)
SInv    .            (no boots)
Will    .....        f - amulet of reflection
Stlth   +            (no ring)
HPRegen 0.25/turn    (no ring)
MPRegen 0.10/turn

%: reflection
@: no status effects
A: sickness immunity, AC +4, negative energy resistance 1, electricity
resistance, torment resistance 1, petrification resistance
a: no special abilities


You were on level 4 of the Dungeon.
You visited 1 branch of the dungeon, and saw 4 of its levels.

You collected 187 gold pieces.


Innate Abilities, Weirdness & Mutations

You are immune to sickness and miasma.
Your stone body is resilient. (AC +4)
You are immune to poison.
You resist negative energy. (rN+)
You are resistant to electric shocks. (rElec)
You are resistant to unholy torment.
You are immune to petrification.


   Skills:
 - Level 3.0 Fighting
 + Level 5.0 Ranged Weapons
 - Level 1.5 Armour
 - Level 1.5 Dodging
 - Level 1.0 Spellcasting
 - Level 2.6 Hexes


You had 5 spell levels left.
You knew the following spells:

 Your Spells              Type           Power      Damage    Failure   Level
a - Slow                  Hex            32%        N/A       21%         1

Your spell library contained the following spells:

 Spells                   Type           Power      Damage    Failure   Level
 Inner Flame              Hex/Fire       4%         N/A       71%         3
 Portal Projectile        Hex/Tloc       8%         N/A       71%         3
 Cause Fear               Hex            4%         N/A       90%         4

Inventory:

Hand Weapons
 Y - a +2 sling of flaming (weapon)
Armour
 k - a +2 ring mail of fire resistance (worn)
Jewellery
 f - an amulet of reflection (around neck)
Potions
 a - a potion of resistance {unknown}
 b - a potion of heal wounds {unknown}
 c - a potion of lignification {unknown}
 e - a potion of enlightenment {unknown}
 h - a potion of degeneration {unknown}
 l - a potion of mutation {unknown}

Dungeon Overview and Level Annotations

Branches:
Dungeon (4/15)
 Temple: D:4-7

Altars:
Kikubaaqudgha


Message History

The worm is heavily wounded.
You shoot a sling bullet. The sling bullet hits the worm.
The sling bullet burns the worm.
The worm is severely wounded.
You shoot a sling bullet. The sling bullet hits the worm.
The sling bullet burns the worm.
The worm is almost dead.
The worm bites you but does no damage.
You shoot a sling bullet. The sling bullet hits the worm!
The sling bullet burns the worm.
You kill the worm!
Your Fighting skill increases to level 3!
There is an open door here.
You see here a worm corpse.
As you open the door, it creaks loudly!
There is an open door here.
An endoplasm comes into view.
You shoot a sling bullet.
The sling bullet hits the endoplasm but does no damage.
You shoot a sling bullet. The sling bullet hits the endoplasm.
The sling bullet burns the endoplasm.
You kill the endoplasm!
You open the door.
There is an open door here.
You open the door.
An ogre comes into view. It is wielding a +0 giant spiked club.
The ogre shouts!
There is an open door here.
Enter note: You shoot a sling bullet.
The sling bullet hits the ogre.
The sling bullet burns the ogre.
The ogre is lightly wounded.
The ogre hits you with a +0 giant spiked club!!
Ouch! That really hurt!
You shoot a sling bullet. The sling bullet hits the ogre.
The sling bullet burns the ogre.
The ogre is lightly wounded.
The ogre hits you with a +0 giant spiked club!!
Ouch! That really hurt!
You die...

#....#.........#
#....'.........#
#....#.........#
#....#.........+
#.######..##+###
#.######..##...##+
.......#..........
......!O#..........
.........@..........
.......#..........
.......#..........
########..###+####
#..# .... .....
#..##


You could see an ogre.

Vanquished Creatures
  A bullfrog (D:3)
  An orc priest (D:3)
  An orc wizard (D:3)
  Natasha (D:2)
  3 worms
  3 dart slugs (D:2)
  8 orcs (D:3)
  3 endoplasms
  2 giant cockroaches
  4 goblins
  3 hobgoblins
  2 kobolds (D:2)
  5 ball pythons
  3 bats
  A frilled lizard (D:1)
  6 rats
47 creatures vanquished.

Notes
Turn   | Place    | Note
-------+----------+-------------------------------------------
     0 | D:1      | qw the Gargoyle Hexslinger began the quest for the Orb.
     0 | D:1      | Reached XP level 1. HP: 12/12 MP: 2/2
     0 | D:1      | 0 ||| qw: Version: 0.3-a-52-g30416fa
     0 | D:1      | 0 ||| qw: Game counter: 7210
     0 | D:1      | 0 ||| qw: Melee chars always use a shield: true
     0 | D:1      | 0 ||| qw: God list: Okawaru
     0 | D:1      | 0 ||| qw: Allow faded altars: false
     0 | D:1      | 0 ||| qw: Do Orc after clearing Dungeon:15 true
     0 | D:1      | 0 ||| qw: Do second Lair branch before Depths: true
     0 | D:1      | 0 ||| qw: Lair rune preference: random
     0 | D:1      | 0 ||| qw: Goals: Normal
     0 | D:1      | 0 ||| PLANNING D:1-11
   340 | D:1      | Reached XP level 2. HP: 16/16 MP: 3/3
   407 | D:1      | 407 ||| UPGRADING to +0 leather armour.
   417 | D:1      | 417 ||| DROPPING +0 robe.
   418 | D:1      | 418 ||| UPGRADING to amulet of guardian spirit.
   423 | D:1      | 423 ||| UPGRADING to amulet of reflection.
   433 | D:1      | 433 ||| DROPPING amulet of guardian spirit.
   434 | D:1      | 434 ||| READING scroll labelled GIZU ONILOH.
   435 | D:1      | 435 ||| READING scroll labelled VOGUCULYPT.
   436 | D:1      | 436 ||| DROPPING scroll of poison.
   487 | D:2      | Reached skill level 3 in Ranged Weapons
   731 | D:2      | Reached XP level 3. HP: 21/21 MP: 4/4
   895 | D:2      | Found a faded altar of an unknown god.
  1080 | D:2      | 1080 ||| UPGRADING to +0 ring mail.
  1090 | D:2      | 1090 ||| DROPPING +0 leather armour.
  1091 | D:2      | 1091 ||| READING scroll labelled ZIRAOR WUSHEF.
  1095 | D:2      | 1095 ||| READING scroll labelled CEUVIHANENT.
  1113 | D:3      | Noticed Natasha
  1113 | D:3      | Noticed a bullfrog
  1118 | D:3      | Killed a bullfrog
  1119 | D:3      | Reached skill level 4 in Ranged Weapons
  1119 | D:3      | Reached XP level 4. HP: 22/26 MP: 5/5
  1119 | D:3      | 1119 ||| STAIRDANCE
  1123 | D:2      | Killed Natasha
  1124 | D:2      | Reached skill level 1 in Armour
  1124 | D:2      | Reached XP level 5. HP: 21/30 MP: 6/6
  1163 | D:3      | Found an ancient bone altar of Kikubaaqudgha.
  1437 | D:3      | Reached skill level 5 in Ranged Weapons
  1800 | D:3      | 1800 ||| UPGRADING to +2 ring mail of fire resistance.
  1810 | D:3      | 1810 ||| DROPPING +0 ring mail.
  1811 | D:3      | 1811 ||| READING 2 scrolls labelled WERIZU IBREZIS.
  1812 | D:3      | 1812 ||| READING scroll labelled UGYDUU PAJE.
  1813 | D:3      | 1813 ||| READING scroll labelled HAIXKI FOSHRE.
  1814 | D:3      | 1814 ||| READING scroll labelled JICWUX ERAO.
  1815 | D:3      | 1815 ||| DROPPING scroll of blinking.
  1861 | D:4      | Reached skill level 3 in Fighting
  1896 | D:4      | Noticed an ogre
  1898 | D:4      | Mangled by an ogre

Levels and vault maps discovered:
D:1:      wheals_arrival_shading, layout_rooms, serial_curves, eino_curves_03,
          eino_curves_04
D:2:      layout_loops_ring, basic_ecumenical_altar
D:3:      layout_loops_cross, nicolae_kikubaaqudgha_miasma_corner, uniq_natasha
D:4:      layout_gridville

Skill      XL: |  1  2  3  4  5 |
---------------+----------------+-----
Ranged Weapons | 3 4 5 |  5.0
Fighting       | 2 3 |  3.0
Armour         | 1 |  1.5
Dodging        | |  1.5
Spellcasting   | |  1.0
Hexes          | |  2.6

Action                     |  1- 3 |  4- 6 || total
---------------------------+-------+-------++-------
   Fire: Sling             |    54 |    96 ||   150
    Use: Scroll            |     4 |     4 ||     8
 Armour: Robe              |     3 |       ||     3
         Leather armour    |     3 |       ||     3
         Ring mail         |     1 |    25 ||    26
  Dodge: Dodged            |    10 |    18 ||    28
  Block: Other             |     1 |     7 ||     8
         Reflection        |       |     1 ||     1

Table legend:
 A = Non-vault XP
 B = Vault XP
 C = Vault XP percentage of total XP
 D = Non-vault monster count
 E = Vault monster count
 F = Vault count percentage of total count
                 A         B        C        D         E       F
            +---------+---------+-------+---------+---------+-------
      Total |     269 |      35 |  11.5 |      46 |       1 |   2.1
            +---------+---------+-------+---------+---------+-------
        D:1 |      12 |       0 |   0.0 |       8 |       0 |   0.0
        D:2 |      28 |      35 |  55.6 |      13 |       1 |   7.1
        D:3 |     222 |       0 |   0.0 |      23 |       0 |   0.0
        D:4 |       7 |       0 |   0.0 |       2 |       0 |   0.0
            +---------+---------+-------+---------+---------+-------
